 Dungeon Crawl Stone Soup version 0.31-a0-986-g5e6e4ef867 (webtiles) character file.

Game seed: 1042410758337037800

83 Dittersdorf the Trooper (level 4, 0/36 HPs)
             Began as a Human Fighter on Nov 7, 2023.
             Slain by a gnoll
             ... wielding a +0 halberd
              (5 damage)
             ... on level 3 of the Dungeon.
             The game lasted 00:01:21 (2330 turns).

Dittersdorf the Trooper (Human Fighter)             Turns: 2330, Time: 00:01:22

Health: 0/36       AC:  6    Str: 18    XL:     4   Next: 71%
Magic:  4/4        EV:  9    Int:  8    God:
Gold:   92         SH:  5    Dex: 13    Spells: 3/3 levels left

rFire   . . .        a - +0 long sword
rCold   . . .        c - +0 buckler
rNeg    . . .        b - +0 scale mail
rPois   .            (no helmet)
rElec   .            (no cloak)
rCorr   .            (no gloves)
SInv    .            (no boots)
Will    .....        (no amulet) Stlth
                     (no ring)
HPRegen 0.26/turn    (no ring)
MPRegen 0.09/turn

%: no passive effects
@: no status effects
A: no striking features
a: no special abilities


You were on level 3 of the Dungeon.
You visited 1 branch of the dungeon, and saw 3 of its levels.

You collected 92 gold pieces.

Inventory:

Hand Weapons
 a - a +0 long sword (weapon)
Armour
 b - a +0 scale mail (worn)
 c - a +0 buckler (worn)
Scrolls
 e - 3 scrolls of identify {unknown}
 j - a scroll of enchant armour {unknown}
Potions
 d - a potion of might
 f - a potion of curing {unknown}
 g - a potion of attraction {unknown}
 h - a potion of degeneration {unknown}
 i - 2 potions of enlightenment {unknown}


   Skills:
 + Level 3.6 Fighting
 + Level 2.8 Long Blades
 + Level 3.6 Armour
 + Level 3.6 Shields


You had 3 spell levels left.
You didn't know any spells.
Your spell library was empty.

Dungeon Overview and Level Annotations

Branches:
Dungeon (3/15)

Altars:
Fedhas


Message History

The gnoll closely misses you.
You slash the gnoll!
The gnoll is severely wounded.
You block the gnoll's attack. x2
You barely miss the gnoll.
The gnoll is severely wounded.
The gnoll hits you from afar with a +0 halberd!
The gnoll hits you with a +0 halberd.
The gnoll hits you from afar with a +0 halberd.
The gnoll closely misses you.
You barely miss the gnoll.
The gnoll is severely wounded.
The gnoll hits you but does no damage. The gnoll hits you with a +0 halberd.
You are too injured to fight recklessly!
You are too injured to fight recklessly!
You are too injured to fight recklessly!
You are too injured to fight recklessly!
You are too injured to fight recklessly!
You are too injured to fight recklessly!
You are too injured to fight recklessly!
You are too injured to fight recklessly!
You are too injured to fight recklessly!
You are too injured to fight recklessly!
You are too injured to fight recklessly!
You are too injured to fight recklessly!
You are too injured to fight recklessly!
You are too injured to fight recklessly!
You are too injured to fight recklessly!
You barely miss the gnoll.
The gnoll is severely wounded.
The gnoll closely misses you. The gnoll hits you with a +0 halberd!
* * * LOW HITPOINT WARNING * * *
You slash the gnoll!
You kill the gnoll!
The gnoll hits you from afar with a +0 halberd.
* * * LOW HITPOINT WARNING * * *
The gnoll closely misses you.
There is a stone staircase leading up, spattered with blood here.
The gnoll hits you from afar with a +0 halberd.
You die...

.#######.##.....
................
.#######.##.....
.............#..
.#######.#......
#.))......
#.g#...#..
##.........
#@######### ###


You could see a gnoll.

Vanquished Creatures
  3 adders (D:2)
  2 gnolls
  A dart slug (D:1)
  3 ball pythons
  2 bats
  2 giant cockroaches
  3 goblins
  3 hobgoblins
  2 jackals (D:1)
  3 quokkas
  7 frilled lizards
  3 kobolds
  A rat (D:2)
35 creatures vanquished.

Notes
Turn   | Place    | Note
-------+----------+-------------------------------------------
     0 | D:1      | Dittersdorf the Human Fighter began the quest for the Orb.
     0 | D:1      | Reached XP level 1. HP: 18/18 MP: 1/1
   116 | D:1      | Reached XP level 2. HP: 24/24 MP: 2/2
  1382 | D:2      | Reached XP level 3. HP: 25/29 MP: 3/3
  1575 | D:2      | Found a blossoming altar of Fedhas.
  1777 | D:2      | Reached XP level 4. HP: 33/35 MP: 4/4
  2330 | D:3      | Slain by a gnoll

Illustrated notes

Levels and vault maps discovered:
D:1:      eino_arrival_tree_alley, layout_basic, st_stairs_1,
          hangedman_decor_growths
D:2:      layout_basic, serial_glass, glass_columns_b, glass_columns_b,
          basic_altar
D:3:      layout_basic, biasface_ghost_orc_armoury, minmay_misc_feat_chi,
          uniq_natasha, uniq_terence

Action                     |  1- 3 |  4- 6 || total
---------------------------+-------+-------++-------
  Melee: Long sword        |    65 |    43 ||   108
 Armour: Scale mail        |    40 |    34 ||    74
  Dodge: Dodged            |    35 |    24 ||    59
  Block: Buckler           |    17 |    16 ||    33

Table legend: (Time is in decaauts)
 A = Elapsed time spent in this place.
 B = Non-inter-level travel time spent in this place.
 C = Inter-level travel time spent in this place.
 D = Time resting spent in this place.
 E = Time spent auto-exploring this place.
 F = Levels seen in this place.
 G = Mean time per level.
                   A        B        C        D        E       F      G
               +--------+--------+--------+--------+--------+-----+--------+
         Total |   2366 |   2339 |     27 |    271 |   1783 |   3 |  788.7 |
       Dungeon |   2366 |   2339 |     27 |    271 |   1783 |   3 |  788.7 |
               +--------+--------+--------+--------+--------+-----+--------+

Top non-repeatable levels by time:
     D:1: 1377 daAuts
     D:2: 711 daAuts
     D:3: 278 daAuts
